Map: King's Cove LE

Players

Nerchio - Winner!

  • Race: Zerg Zerg
  • Spawn Location: 11:00

SouLeer

  • Race: Zerg Zerg
  • Spawn Location: 5:00

Event: 2019 WCS Summer

VOD

Have the link to the VOD?

Description

Time

  • Played on: July 12, 2019, 7:44 a.m.
  • Length: 10:15

All games in this series

Show
View Real Time Build Order
Export as new Build Order

Nerchio Zerg - Winner!

Build Orders: Hatch First 

Get SALT Encoding   

  12  0:00  Drone  
  13  0:12  Overlord  
  13  0:18  Drone  
  14  0:31  Drone x2  
  16  0:49  Hatchery  
  15  0:53  Drone  
  15  0:57  Drone  
  17  1:00  Drone  
  18  1:11  Extractor  
  17  1:16  Spawning Pool  
  16  1:19  Drone  
  16  1:22  Drone  
  18  1:28  Drone  
  19  1:39  Drone  
  20  1:50  Overlord  
  20  2:02  Queen  
  20  2:03  Queen  
  20  2:04  Zergling x4  
  26  2:10  Metabolic Boost  
  26  2:14  Drone  
  27  2:17  Drone  
  27  2:22  Drone  
  29  2:23  Drone  
  30  2:33  Zergling x2  
  31  2:43  Hatchery  
  30  2:45  Zergling x2  
  31  2:51  Baneling Nest  
  31  2:53  Drone  
  31  2:55  Drone  
  32  3:00  Overlord  
  32  3:03  Drone  
  33  3:06  Zergling x2  
  33  3:08  Zergling x2  
  35  3:19  Drone x2  
  38  3:20  Drone x2  
  38  3:24  Drone  
  38  3:25  Drone  
  41  3:30  Evolution Chamber  
  41  3:31  Overlord  
  40  3:38  Queen  
  42  3:41  Drone  
  42  3:44  Overlord  
  43  3:48  Baneling x2  
  43  3:50  Drone  
  43  3:51  Drone  
  43  3:53  Drone  
  43  3:55  Drone  
  47  4:01  Zerg Missile Weapons Level 1  
  47  4:04  Drone x3  
  47  4:08  Zergling x2  
  47  4:09  Zergling x4  
  52  4:11  Baneling  
  52  4:15  Queen  
  54  4:19  Baneling  
  54  4:29  Zergling x4  
  56  4:31  Baneling  
  56  4:32  Drone  
  56  4:33  Drone x6  
  63  4:42  Baneling  
  63  4:43  Roach Warren  
  63  4:45  Drone x3, Evolution Chamber  
  62  4:47  Drone  
  62  4:50  Drone  
  62  4:51  Drone  
  65  5:00  Overlord  
  65  5:02  Roach Warren, Overlord  
  65  5:03  Evolution Chamber  
  65  5:05  Overlord  
  63  5:08  Baneling x2  
  63  5:12  Drone, Extractor  
  63  5:13  Drone x2, Extractor  
  64  5:22  Drone x6  
  64  5:24  Drone  
  64  5:25  Drone x3  
  74  5:42  Extractor  
  74  5:43  Extractor  
  74  5:47  Drone x3  
  73  5:51  Roach x3  
  79  5:58  Roach x2, Overlord x2  
  79  6:01  Roach  
  79  6:04  Hatchery, Roach  
  86  6:07  Roach x2  
  86  6:08  Overlord x3  
  90  6:13  Overlord x2  
  90  6:20  Spine Crawler  
  90  6:25  Roach x4  
  96  6:26  Roach  
  96  6:28  Roach  
  96  6:30  Roach  
  102  6:33  Roach x2  
  102  6:35  Roach  
  102  6:37  Roach  
  110  6:40  Roach  
  110  6:42  Roach  
  110  6:43  Roach  
  110  6:45  Roach  
  118  6:49  Lair  
  118  7:00  Drone x9  
  125  7:03  Extractor  
  123  7:09  Drone x3  
  123  7:13  Extractor, Ravager  
  123  7:14  Ravager x2  
  123  7:15  Ravager  
  129  7:20  Pneumatized Carapace  
  129  7:25  Overlord  
  129  7:32  Roach x9  
  147  7:37  Overlord x3  
  147  7:46  Zerg Missile Weapons Level 2  
  147  7:47  Zerg Ground Armor Level 1  
  147  7:48  Glial Reconstitution  
  146  7:56  Roach x5  
  156  8:02  Overlord  
  156  8:05  Overseer  
  156  8:11  Roach  
  156  8:12  Roach x7  
  172  8:16  Overlord x2  
  172  8:21  Overseer  
  172  8:29  Hydralisk Den  
  171  8:38  Queen  
  171  8:40  Queen  
  175  8:51  Roach x12  
  199  8:59  Infestation Pit  
  198  9:17  Overlord x2  
  198  9:18  Overseer  
  198  9:20  Overlord  
  198  9:24  Lurker Den  
  197  9:27  Extractor  
  196  9:37  Evolution Chamber  
  195  9:38  Evolution Chamber  
  182  9:49  Roach x17  
  182  9:52  Roach x5  
Show
View Real Time Build Order
Export as new Build Order

SouLeer Zerg 

Build Orders: Hatch First, Zergling Baneling 

Get SALT Encoding   

  12  0:01  Drone  
  13  0:13  Overlord  
  13  0:18  Drone  
  14  0:32  Drone x2  
  16  0:50  Hatchery  
  16  0:53  Drone  
  16  0:56  Drone  
  17  1:00  Drone  
  18  1:10  Extractor  
  17  1:16  Spawning Pool  
  16  1:19  Drone  
  16  1:22  Drone  
  18  1:29  Drone  
  19  1:39  Overlord  
  19  2:03  Queen x2  
  19  2:04  Zergling x6  
  26  2:12  Metabolic Boost  
  26  2:13  Drone  
  27  2:16  Drone  
  28  2:24  Drone x2  
  30  2:34  Drone  
  30  2:36  Drone  
  32  2:47  Hatchery  
  32  2:49  Drone  
  32  2:54  Drone  
  33  3:01  Drone x2, Baneling Nest  
  34  3:07  Drone x2  
  34  3:11  Overlord  
  36  3:18  Zergling x2, Extractor x2  
  36  3:19  Zergling x2  
  36  3:22  Overlord  
  38  3:30  Zergling x6  
  38  3:32  Zergling x2  
  42  3:39  Zergling x2  
  43  3:43  Zergling x6  
  43  3:44  Zergling x4  
  43  3:46  Zergling x2  
  50  3:48  Zergling x2  
  50  3:52  Baneling  
  50  3:53  Baneling x3  
  50  4:02  Zergling x8  
  54  4:11  Baneling x4  
  54  4:17  Zergling x6  
  54  4:18  Zergling x2  
  54  4:20  Overlord x2  
  57  4:29  Drone x3  
  57  4:32  Drone  
  57  4:33  Overlord  
  58  4:42  Drone x4  
  58  4:44  Extractor  
  49  4:46  Drone  
  49  4:49  Drone, Evolution Chamber  
  48  4:55  Queen  
  48  4:57  Drone  
  51  5:00  Drone x2  
  51  5:02  Drone  
  51  5:04  Drone  
  51  5:05  Extractor  
  54  5:11  Overlord  
  55  5:20  Roach Warren, Overlord  
  54  5:21  Zerg Melee Weapons Level 1  
  54  5:30  Overlord  
  54  5:32  Overlord  
  54  5:37  Lair  
  54  5:39  Overlord  
  52  5:59  Drone x15  
  52  6:04  Extractor  
  66  6:05  Extractor  
  66  6:08  Drone  
  66  6:09  Drone x3  
  69  6:12  Roach x2  
  69  6:17  Drone x2, Extractor  
  74  6:30  Roach  
  74  6:31  Roach x5  
  85  6:33  Roach  
  85  6:35  Overlord  
  85  6:36  Glial Reconstitution  
  85  6:38  Drone  
  85  6:39  Drone  
  89  6:43  Overlord  
  89  6:44  Roach  
  91  6:48  Drone  
  91  6:53  Overlord  
  92  6:57  Hatchery  
  92  6:58  Ravager x2  
  92  7:00  Ravager x2  
  92  7:01  Roach  
  97  7:06  Roach x3  
  103  7:09  Roach  
  103  7:12  Overlord  
  103  7:13  Roach x4  
  114  7:18  Overlord  
  114  7:31  Ravager x3  
  114  7:33  Overlord x2  
  114  7:35  Overlord x3  
  117  7:41  Zerg Missile Weapons Level 1  
  117  7:42  Zergling x2  
  117  7:43  Zergling x8  
  122  7:47  Overlord  
  122  7:54  Hatchery  
  122  7:56  Zergling x10  
  122  7:57  Zergling x4, Extractor, Hydralisk Den  
  126  8:00  Zergling x4  
  126  8:01  Ravager x4  
  126  8:02  Zergling x2  
  133  8:07  Zergling x2  
  133  8:09  Zergling x2  
  135  8:17  Zergling x8  
  139  8:24  Zergling x16  
  147  8:32  Hydralisk x2  
  147  8:33  Lurker Den  
  150  8:35  Hydralisk  
  150  8:41  Hydralisk x4  
  152  8:47  Drone x2  
  162  8:49  Overlord  
  162  8:51  Hydralisk  
  162  8:53  Ravager x3  
  167  8:57  Hydralisk  
  169  9:03  Overlord  
  169  9:04  Overlord  
  169  9:06  Overlord  
  168  9:25  Ravager x2  
  168  9:26  Zergling x2, Ravager x3  
  168  9:27  Zergling x20  
  168  9:29  Zergling x6  
  187  9:33  Zergling x2  
  187  9:34  Zergling x4  
  187  9:39  Zergling x10  
  187  9:42  Zergling x4  
  181  9:47  Zergling x6  
  181  9:51  Zergling x6  
  147  9:55  Zergling x6  
Tags
 
Add a new tag
Caveats
  • Supply blocks, unpowered buildings, or Contaminate may cause inaccurate times.
  • Supply counts are checked every 10 seconds.